 Dungeon Crawl Stone Soup version 0.29-a0-886-gfb1a3fa8b1 (webtiles) character file.

Game seed: 2858840205980977238

133716 Conn the Thaumaturge (level 17, 0/98 HPs)
             Began as an Octopode Fire Elementalist on July 18, 2022.
             Was a High Priest of Sif Muna.
             Constricted to death by Jorgrun (8 damage)
             ... on level 2 of the Elven Halls on July 21, 2022.
             The game lasted 02:35:34 (32960 turns).

Conn the Thaumaturge (Octopode Fire Elementalist)  Turns: 32960, Time: 02:35:34

Health: 0/98       AC:  3    Str:  8    XL:     17   Next: 15%
Magic:  9/44       EV: 23    Int: 43    God:    Sif Muna [*****.]
Gold:   251        SH:  4    Dex: 12    Spells: 5/45 levels left

rFire   + . .      SeeInvis .   v - +6 mace of Pirykiq {vorpal, Drain rPois rC+++ Stlth+}
rCold   + + .      Faith    .   q - +1 buckler
rNeg    . . .      Spirit   .   g - +2 hat
rPois   +          Reflect  .   B - amulet of magic regeneration
rElec   .          Harm     .   z - +6 ring of intelligence
rCorr   .          Rampage  .   A - ring of willpower
Will    ++...                   F - ring of the Hare {EV+8}
Stlth   ++++++....              D - ring of magical power
HPRegen 0.26/turn               Y - ring of fire
MPRegen 0.69/turn               c - +6 ring of intelligence
                                i - +4 ring of evasion
                                f - +6 ring of intelligence

@: grasped by roots, constricted
A: almost no armour, amphibious, 8 rings, camouflage 1, gelatinous body 1,
(nimble swimmer 1), tentacles
a: Renounce Religion, Channel Magic, Forget Spell, Divine Exegesis


You were on level 2 of the Elven Halls.
You worshipped Sif Muna.
Sif Muna was extremely pleased with you.
You visited 5 branches of the dungeon, and saw 25 of its levels.
You also visited: Gauntlet.

You collected 2416 gold pieces.
You spent 2165 gold pieces at shops.

Inventory:

Hand Weapons
 a - the +10 broad axe of Siging {protect, rPois Dex+4}
   (You found it on level 3 of the Lair of Beasts)

   It grants its wielder temporary protection when it strikes (+7 to AC).
   Dex:       It affects your dexterity (+4).
   rPois:     It protects you from poison.
 v - the +6 mace of Pirykiq (weapon) {vorpal, Drain rPois rC+++ Stlth+}
   (You found it on level 5 of the Lair of Beasts)

   It inflicts extra damage upon your enemies.
   rC:        It renders you almost immune to cold.
   rPois:     It protects you from poison.
   Drain:     It drains your maximum health when unequipped.
   Stlth:     It makes you more stealthy.
 X - the +6 dagger of Dissolution {flame, rF+ Str+2 Stlth+}
   (You found it on level 13 of the Dungeon)

   It burns those it strikes, dealing additional fire damage.
   Str:       It affects your strength (+2).
   rF:        It protects you from fire.
   Stlth:     It makes you more stealthy.
Missiles
 C - 2 throwing nets
 T - 7 boomerangs of dispersal
Armour
 g - a +2 hat (worn)
 q - a +1 buckler (worn)
Magical Staves
 b - a staff of conjuration
Jewellery
 c - a +6 ring of intelligence (on tentacle)
 f - a +6 ring of intelligence (on tentacle)
 i - a +4 ring of evasion (on tentacle)
 w - a ring of see invisible
 z - a +6 ring of intelligence (left tentacle)
 A - a ring of willpower (right tentacle)
 B - an amulet of magic regeneration (around mantle)
 D - a ring of magical power (on tentacle)
 F - the ring of the Hare (on tentacle) {EV+8}
   (You found it on level 7 of the Dungeon)

   [ring of evasion]

   EV:        It affects your evasion (+8).
 H - an amulet of faith
 I - a ring of ice
 Q - a ring of flight
 W - a +6 ring of strength
 Y - a ring of fire (on tentacle)
Wands
 o - a wand of polymorph (5)
 s - a wand of mindburst (15)
 y - a wand of digging (7)
 J - a wand of paralysis (18)
 K - a wand of flame (28)
 N - a wand of iceblast (4)
 O - a wand of quicksilver (8)
Scrolls
 d - 9 scrolls of magic mapping
 e - 2 scrolls of fear
 k - 4 scrolls of blinking
 m - a scroll of amnesia
 n - 6 scrolls of teleportation
 p - a scroll of torment
 t - 3 scrolls of immolation
 u - 3 scrolls of poison
 x - a scroll of enchant weapon
 E - 2 scrolls of butterflies
 L - 9 scrolls of identify
 V - a scroll of brand weapon
Potions
 h - 8 potions of curing
 j - 2 potions of ambrosia
 l - 3 potions of might
 r - 3 potions of magic
 G - 3 potions of resistance
 M - 2 potions of mutation
 U - a potion of berserk rage
 Z - 2 potions of lignification
Miscellaneous
 P - a condenser vane
 S - a lightning rod (4/4)


   Skills:
 + Level 3.1 Fighting
 + Level 2.9 Short Blades
 + Level 4.8 Dodging
 + Level 8.6 Stealth
 + Level 1.0 Shields
 + Level 14.9 Spellcasting
 * Level 10.5 Conjurations
 + Level 4.9 Hexes
 + Level 4.4 Summonings
 + Level 6.9 Translocations
 + Level 14.7 Fire Magic
 + Level 4.6 Ice Magic
 + Level 4.6 Air Magic
 + Level 4.8 Earth Magic
 + Level 5.6 Poison Magic
 * Level 12.1 Invocations
 + Level 1.0 Evocations


You had 5 spell levels left.
You knew the following spells:

 Your Spells              Type           Power      Damage    Failure   Level
a - Foxfire               Conj/Fire      100%       2x1d9     0%          1
b - Conjure Flame         Conj/Fire      100%       6-21      1%          3
c - Inner Flame           Hex/Fire       100%       N/A       1%          3
d - Flame Wave            Conj/Fire      100%       2d17      1%          4
e - Scorch                Fire           100%       2d10      0%          2
f - Mephitic Cloud        Conj/Pois/Air  75%        N/A       1%          3
g - Blink                 Tloc           100%       N/A       1%          2
h - Ozocubu's Armour      Ice            64%        N/A       1%          3
i - Summon Ice Beast      Ice/Summ       63%        N/A       1%          4
j - Fireball              Conj/Fire      59%        3d23      1%          5
k - Iron Shot             Conj/Erth      39%        9d8       8%          6
l - Iskenderun's Mystic   Conj/Tloc      82%        2d16      1%          4

Your spell library contained the following spells:

 Spells                   Type           Power      Damage    Failure   Level
 Magic Dart               Conj           100%       1d8       0%          1
 Apportation              Tloc           100%       N/A       1%          1
 Necrotise                Necr           100%       1d9       1%          1
 Shock                    Conj/Air       100%       1d9       1%          1
 Summon Small Mammal      Summ           100%       N/A       1%          1
 Call Imp                 Summ           63%        N/A       1%          2
 Ensorcelled Hibernation  Hex/Ice        100%       N/A       1%          2
 Passwall                 Tmut/Erth      43%        N/A       1%          2
 Searing Ray              Conj           100%       2d8       1%          2
 Static Discharge         Conj/Air       78%        3-13/arc  1%          2
 Sublimation of Blood     Necr           32%        N/A       1%          2
 Wereblood                Tmut           32%        N/A       1%          2
 Dazzling Flash           Conj/Hex       100%       N/A       1%          3
 Frozen Ramparts          Ice            100%       1d12      1%          3
 Gell's Gravitas          Tloc           75%        N/A       1%          3
 Ignite Poison            Fire/Tmut/Pois 94%        N/A       1%          3
 Lesser Beckoning         Tloc           75%        N/A       1%          3
 Swiftness                Air            64%        N/A       1%          3
 Teleport Other           Tloc           75%        N/A       1%          3
 Airstrike                Air            32%        0-11+     1%          4
 Fulminant Prism          Conj/Hex       39%        3d18      1%          4
 Sticky Flame             Conj/Fire      100%       2d11      1%          4
 Summon Lightning Spire   Summ/Air       63%        N/A       1%          4
 Iskenderun's Battlesphe  Conj           89%        2d14      1%          5
 Lightning Bolt           Conj/Air       39%        1d57      1%          5
 Manifold Assault         Tloc           75%        N/A       1%          5
 Freezing Cloud           Conj/Ice/Air   36%        6-21      2%          5
 Ice Form                 Ice/Tmut       51%        N/A       4%          4
 Dispel Undead            Necr           32%        3d14      12%         4
 Blade Hands              Tmut           16%        N/A       32%         5
 Starburst                Conj/Fire      59%        6d16      1%          6
 Conjure Ball Lightning   Conj/Air       39%        3x3d13    8%          6
 Dispersal                Tloc           37%        N/A       11%         6
 Ignition                 Fire           63%        3d17      19%         8
 Ozocubu's Refrigeration  Ice            32%        4d11      83%         7
 Summon Hydra             Summ           31%        N/A       85%         7
 Lehudib's Crystal Spear  Conj/Erth      39%        10d10     97%         8
 Disjunction              Tloc           37%        N/A       99%         8
 Chain Lightning          Conj/Air       39%        3d52      100%        9
 Animate Armour           Summ/Erth      Unusable   N/A       N/A         4

Dungeon Overview and Level Annotations

Branches:
Dungeon (15/15)            Temple (1/1) D:7            Lair (5/5) D:8
  Swamp (0/4) Lair:2       Spider (0/4) Lair:3        Slime (0/5) Lair:4
    Orc (2/2) D:10            Elf (2/3) Orc:2        Vaults (0/5) D:14
 Depths (0/4) D:15        Gauntlet (visited)

Altars:
Ashenzari
Cheibriados
Dithmenos
Elyvilon
Fedhas
Gozag
Hepliaklqana
Kikubaaqudgha
Makhleb
Nemelex Xobeh
Okawaru
Qazlal
Ru
Sif Muna
Trog
Uskayaw
Wu Jian
Xom
Yredelemnul
Zin
The Shining One
Jiyva

Shops:
D:1 :   D:12 :?*:?   Orc:1 *   Orc:2 [[=!

Annotations:
Lair:4 3 runed translucent doors, Syac's ghost, journeyman DsCj
Lair:5 1 runed translucent door, hackon's ghost, journeyman OgFE
Elf:2 Jorgrun


Innate Abilities, Weirdness & Mutations

You cannot wear most types of armour.
You are amphibious.
You can wear up to eight rings at the same time.
Your skin changes colour to match your surroundings (Stealth+).
Your rubbery body absorbs attacks. (AC +1, EV +1)
((You are camouflaged when in or above water. (Stealth+)))
You have tentacles for arms and can constrict up to eight enemies at once.


Message History

Aiming: Inner Flame (safe; 1% risk of failure)
Press: ? - help, Dir - move target, f - Jorgrun
Aim: Jorgrun, wielding a staff of earth and wearing a +0 robe (lightly wounded, ally target, chance to affect: 45%)
You feel a surge of power!
Jorgrun is filled with an inner flame.
Unknown command.
You swap places.
Found a long sword and a +0 dagger.
Jorgrun drinks a potion.
Jorgrun seems to speed up.
Your butterfly is engulfed in blazing flames.
You kill your butterfly!
Your butterfly disappears in a puff of smoke!
Things that are here:
a +0 dagger; a +0 shortbow; a +0 leather armour You swap places.
Jorgrun points at the rock wall and mumbles some strange words.
You hear a grinding noise.
The deep elf pyromancer gestures wildly while chanting.
The deep elf pyromancer blinks!
Jorgrun gestures at you while chanting.
Roots burst forth from the earth!
The grasping roots grab you! The grasping roots constrict you!
* * * LOW HITPOINT WARNING * * *
You see here a book of Changes.
You escape the roots grasp.
Found an escape hatch in the floor.
Unknown command.
You swap places.
Found a stone staircase leading down.
Jorgrun points at the rock wall and mumbles some strange words.
You hear a grinding noise.
Unknown command.
Jorgrun gestures at you while chanting.
Roots burst forth from the earth!
The grasping roots grab you! The grasping roots constrict you!
* * * LOW HITPOINT WARNING * * *
Unknown command.
The roots grasp on you weakens, but your attempt to escape fails.
The grasping roots constrict you!
* * * LOW HITPOINT WARNING * * *
The grasping roots constrict you!
You die...

#...##.#
..#........
###))).#.#
.#.e.......
...))).#.##
#..........
....)))g..#
#..........
.....##bb.#
#..........
..b.?b..:#.#
.#.........
..b...#..b.#
..#........
e.....###.#.#
...#......#
####e#....>b@.#.#
....#....#e
##....#.#....b...#
#..#..
##..e..#.#.#.######
#........#..>
#.<....[....
#...........
##...<.##...
##...###>.. .###..
..


You could see Jorgrun (fast, inner flame, ally target).

Vanquished Creatures
  2 azure jellies
  An emperor scorpion (D:15)
  2 deep elf sorcerers
  A deep elf elementalist (Elf:1)
  The ghost of PigKeeper the Devastator, a journeyman TeAM of Vehumet (Orc:1)
  Nessos (Orc:2)
  A dire elephant (D:15)
  A minotaur (Gauntlet)
  A deep elf death mage (Elf:2)
  5 hydras
  An ogre mage (D:15)
  14 two-headed ogres
  8 centaur warriors
  4 catoblepae (Lair:5)
  10 dancing weapons
  17 death yaks
  2 death knights (D:14)
  4 orc high priests
  8 deep elf knights
  Lodul (D:10)
  A fire crab (Lair:5)
  5 skeletal warriors
  A wizard (D:14)
  5 orc knights
  8 deep elf archers
  Pikel (D:9)
  11 deep elf pyromancers
  A necromancer (D:14)
  14 deep elf zephyrmancers
  7 ugly things
  An oklob plant (Gauntlet)
  4 cyclopes
  5 orc sorcerers (Orc:2)
  5 manticores
  A salamander (D:15)
  A faun (shapeshifter) (D:15)
  4 black mambas
  24 elephants
  12 cane toads
  2 minotaur zombies (Gauntlet)
  Psyche (D:10)
  3 kobold demonologists (D:9)
  4 rime drakes
  3 yaktaurs (D:15)
  4 freezing wraiths (D:14)
  5 komodo dragons
  8 trolls
  A hornet (D:9)
  A merfolk (D:15)
  3 polar bears
  4 slime creatures
  10 blink frogs
  A blink frog (shapeshifter) (D:14)
  A centaur simulacrum (D:15)
  2 air elementals (Elf:1)
  A jumping spider (Lair:3)
  4 shadows (Gauntlet)
  4 water elementals
  4 fire elementals (Elf:1)
  71 yaks
  5 wyverns
  5 basilisks
  4 wraiths
  2 steam dragons
  A redback (Lair:3)
  2 vampire mosquitoes (D:12)
  5 wargs
  3 acid dragons
  16 water moccasins
  An ice beast (D:8)
  19 orc warriors
  2 black bears (D:6)
  20 ogres
  16 centaurs
  4 wolves
  A phantom (D:6)
  A kobold brigand (D:6)
  Blork the orc (D:6)
  2 earth elementals (Elf:1)
  5 bullfrogs
  A necrophage (D:6)
  A scorpion (D:4)
  8 wights
  19 killer bees (Orc:1)
  An electric eel (Lair:5)
  9 howler monkeys
  2 hounds
  A jelly (D:6)
  16 orc priests
  Jessica (D:3)
  A gnoll bouda (D:10)
  An iguana (D:4)
  Terence (D:3)
  22 orc wizards
  4 gnolls (D:10)
  6 adders
  A shadow imp (D:8)
  An ufetubus (D:5)
  2 dart slugs
  68 orcs
  8 bats
  9 endoplasms
  6 giant cockroaches
  A goblin (D:3)
  13 hobgoblins
  3 jackals (D:3)
  11 kobolds
  7 quokkas
  7 ball pythons
  6 frilled lizards
  6 rats
  A bush (Lair:3)
692 creatures vanquished.

Vanquished Creatures (collateral kills)
  A boulder beetle (D:13)
  2 elephants
  A vampire mosquito (D:12)
  26 foxfires
30 creatures vanquished.

Vanquished Creatures (others)
  A deep elf zephyrmancer (Elf:2)
  A queen bee (Orc:1)
  An orc wizard (Orc:2)
  2 bushes (D:8)
  1579 foxfires
  49 fungi
  90 plants
1723 creatures vanquished.

Grand Total: 2445 creatures vanquished

Notes
Turn   | Place    | Note
-------+----------+-------------------------------------------
     0 | D:1      | Conn the Octopode Fire Elementalist began the quest for the
                  | Orb.
     0 | D:1      | Reached XP level 1. HP: 11/11 MP: 3/3
    12 | D:1      | Upgraded the game from 0.29-a0-872-g797fff5ad1 to
                  | 0.29-a0-886-gfb1a3fa8b1
   201 | D:1      | Reached XP level 2. HP: 17/17 MP: 0/5
   430 | D:1      | Found Igridoscha's Book Shop.
   731 | D:1      | Reached XP level 3. HP: 15/21 MP: 6/6
  1663 | D:2      | Reached XP level 4. HP: 26/27 MP: 3/7
  1701 | D:2      | Found a faded altar of an unknown god.
  2168 | D:3      | Reached skill level 1 in Short Blades
  2409 | D:3      | Noticed Jessica
  2412 | D:3      | Killed Jessica
  2694 | D:3      | Noticed Terence
  2701 | D:3      | Killed Terence
  2702 | D:3      | Reached XP level 5. HP: 31/31 MP: 3/9
  3246 | D:3      | Learned a level 2 spell: Scorch
  3250 | D:3      | Learned a level 3 spell: Conjure Flame
  3254 | D:3      | Learned a level 3 spell: Inner Flame
  3770 | D:4      | Found a blossoming altar of Fedhas.
  3897 | D:4      | Reached XP level 6. HP: 36/36 MP: 4/11
  4025 | D:5      | Entered Level 5 of the Dungeon
  4204 | D:5      | Learned a level 3 spell: Mephitic Cloud
  4946 | D:6      | Reached XP level 7. HP: 42/42 MP: 8/13
  5024 | D:6      | Noticed Blork the orc
  5030 | D:6      | Killed Blork the orc
  5237 | D:6      | Noticed a two-headed ogre
  5266 | D:6      | Killed a two-headed ogre
  5267 | D:6      | Reached skill level 1 in Fighting
  5267 | D:6      | Reached skill level 5 in Stealth
  5267 | D:6      | Reached skill level 5 in Spellcasting
  5267 | D:6      | Reached skill level 5 in Fire Magic
  5267 | D:6      | Reached XP level 8. HP: 48/48 MP: 5/16
  5377 | D:6      | Found a burning altar of Makhleb.
  5605 | D:7      | Found a staircase to the Ecumenical Temple.
  5610 | D:7      | Found the ring of the Hare {EV+8}
  5629 | Temple   | Entered the Ecumenical Temple
  5673 | Temple   | Became a worshipper of Sif Muna the Loreminder
  6469 | D:8      | Reached XP level 9. HP: 54/54 MP: 14/18
  6520 | D:8      | Noticed a two-headed ogre
  6535 | D:8      | Killed a two-headed ogre
  6536 | D:8      | Reached skill level 5 in Conjurations
  6671 | D:7      | Learned a level 4 spell: Flame Wave
  6674 | D:7      | Learned a level 2 spell: Call Imp
  6678 | D:7      | Learned a level 3 spell: Ozocubu's Armour
  6701 | D:8      | Reached XP level 10. HP: 60/60 MP: 8/21
  6714 | D:8      | Reached * piety under Sif Muna
  6782 | D:7      | Learned a level 4 spell: Summon Ice Beast
  7017 | D:8      | Reached skill level 1 in Air Magic
  7017 | D:8      | Reached skill level 1 in Poison Magic
  7018 | D:8      | Reached skill level 1 in Hexes
  7018 | D:8      | Reached skill level 1 in Invocations
  7029 | D:8      | Reached skill level 1 in Summonings
  7029 | D:8      | Reached skill level 1 in Ice Magic
  7071 | D:8      | Found a staircase to the Lair.
  7258 | D:8      | Found a glowing golden altar of the Shining One.
  7433 | D:9      | Found a transporter.
  7435 | D:9      | Noticed a kobold demonologist
  7436 | D:9      | Noticed a kobold demonologist
  7441 | D:9      | Noticed an orc high priest
  7443 | D:9      | Noticed a kobold demonologist
  7449 | D:9      | Found a transporter.
  7530 | D:9      | Killed a kobold demonologist
  7531 | D:9      | Killed a kobold demonologist
  7551 | D:9      | Killed an orc high priest
  7626 | D:9      | Killed a kobold demonologist
  7697 | D:9      | Reached XP level 11. HP: 54/65 MP: 23/23
  7721 | D:9      | Noticed Pikel
  7726 | D:9      | Killed Pikel
  8521 | D:9      | Found a hazy altar of Hepliaklqana.
  8521 | D:9      | Found a bloodstained altar of Trog.
  8521 | D:9      | Found a hide-covered altar of Uskayaw.
  8984 | D:10     | Entered Level 10 of the Dungeon
  9025 | D:10     | Reached ** piety under Sif Muna
  9095 | D:10     | Found a staircase to the Orcish Mines.
  9576 | D:10     | Noticed Lodul
  9580 | D:10     | HP: 1/65 [ogre/+0 giant spiked club[Lodul] (31)]
  9975 | Orc:1    | Entered Level 1 of the Orcish Mines
  9975 | Orc:1    | Found a runed translucent door.
 10076 | Orc:1    | Noticed PigKeeper's ghost (journeyman TeAM)
 10095 | Orc:1    | Found Kiarib's Mayhem Merchandise.
 10119 | Orc:1    | Bought a book of Fire for 528 gold pieces
 10317 | Orc:1    | Reached *** piety under Sif Muna
 10551 | Orc:1    | Reached XP level 12. HP: 70/71 MP: 7/25
 10563 | Orc:1    | Reached skill level 10 in Fire Magic
 10563 | Orc:1    | Reached skill level 5 in Poison Magic
 11554 | D:10     | Noticed Psyche
 11560 | D:10     | Killed Psyche
 11669 | D:10     | Killed Lodul
 11670 | D:10     | Reached skill level 5 in Invocations
 12013 | D:11     | Reached **** piety under Sif Muna
 12033 | D:11     | Reached skill level 10 in Spellcasting
 12110 | D:11     | Noticed a centaur warrior
 12115 | D:11     | Killed a centaur warrior
 12475 | D:11     | Noticed a two-headed ogre
 12484 | D:11     | Killed a two-headed ogre
 12871 | D:11     | Learned a level 5 spell: Fireball
 13099 | D:11     | Learned a level 2 spell: Blink
 13238 | D:12     | Found Hets's Assorted Antiques.
 13274 | D:12     | Bought a +6 ring of intelligence for 828 gold pieces
 13313 | D:12     | Found Jokkiamo's Book Shoppe.
 13322 | D:12     | Noticed a centaur warrior
 13337 | D:12     | Killed a centaur warrior
 13381 | D:12     | Reached XP level 13. HP: 41/76 MP: 27/27
 13454 | D:12     | Reached skill level 1 in Translocations
 13768 | D:12     | Found Zaploudo's Magic Scroll Shoppe.
 13873 | D:12     | Found Loarynt's Book Shop.
 13906 | D:12     | Found Tawk's Magic Scroll Emporium.
 14632 | Lair:1   | Entered Level 1 of the Lair of Beasts
 16045 | Lair:2   | Found a gate leading to a gauntlet.
 16047 | Lair:2   | You are sucked into a shaft and drop 2 floors!
 16150 | Gauntlet | Entered a Gauntlet
 16150 | Gauntlet | Found a transporter.
 16150 | Gauntlet | Found a transporter.
 16156 | Gauntlet | Found a transporter.
 16171 | Gauntlet | Found a transporter.
 16194 | Gauntlet | Found a transporter.
 16201 | Gauntlet | Found a transporter.
 16218 | Gauntlet | Found a transporter.
 16286 | Gauntlet | Found a transporter.
 16302 | Gauntlet | Found a transporter.
 16316 | Gauntlet | Found a transporter.
 16329 | Gauntlet | Found a transporter.
 16341 | Gauntlet | Noticed a green death
 16345 | Gauntlet | Found a transporter.
 16412 | Gauntlet | Found a transporter.
 16413 | Gauntlet | Found a transporter.
 16424 | Gauntlet | Found a transporter.
 16448 | Gauntlet | Found a transporter.
 16776 | Gauntlet | Noticed a minotaur
 16788 | Gauntlet | Killed a minotaur
 17312 | Lair:2   | Found a staircase to the Swamp.
 17809 | Lair:3   | Found a hole to the Spider Nest.
 18560 | Lair:3   | Identified the +10 broad axe of Siging {protect, rPois
                  | Dex+4}
 18920 | Lair:4   | Reached XP level 14. HP: 61/81 MP: 22/29
 19241 | Lair:4   | Found a runed translucent door.
 19241 | Lair:4   | Found a viscous altar of Jiyva.
 19243 | Lair:4   | Found a staircase to the Slime Pits.
 19243 | Lair:4   | Noticed an azure jelly
 19252 | Lair:4   | Killed an azure jelly
 19344 | Lair:4   | Reached ***** piety under Sif Muna
 19432 | Lair:4   | Found a runed translucent gate.
 19432 | Lair:4   | Found a runed translucent gate.
 19433 | Lair:4   | Found a runed translucent gate.
 19434 | Lair:4   | Noticed Syac's ghost (journeyman DsCj)
 19508 | Lair:5   | Entered Level 5 of the Lair of Beasts
 20396 | Lair:5   | Received a gift from Sif Muna
 20513 | Lair:5   | Identified the +6 mace of Pirykiq {vorpal, Drain rPois
                  | rC+++ Stlth+}
 20528 | Lair:5   | Reached skill level 5 in Translocations
 20780 | Lair:5   | Got Sif Muna's Anthology of Ruinous Fascination {god gift}
 21336 | Lair:5   | Reached skill level 1 in Evocations
 21560 | Lair:5   | Reached XP level 15. HP: 86/86 MP: 29/31
 22487 | Lair:5   | Received a gift from Sif Muna
 22488 | Lair:5   | Got Sif Muna's Book of the Salmon {god gift}
 22583 | Lair:5   | Found a runed translucent door.
 22584 | Lair:5   | Noticed hackon's ghost (journeyman OgFE)
 23333 | D:10     | Learned a level 6 spell: Iron Shot
 24525 | D:13     | Reached skill level 1 in Earth Magic
 24820 | D:13     | Identified the +6 dagger of Dissolution {flame, rF+ Str+2
                  | Stlth+}
 25154 | D:14     | Reached skill level 10 in Invocations
 26112 | D:12     | Bought a book of Spectacle for 384 gold pieces
 26118 | D:12     | Learned a level 4 spell: Iskenderun's Mystic Blast
 26191 | Orc:2    | Entered Level 2 of the Orcish Mines
 26406 | Orc:2    | Found a staircase to the Elven Halls.
 26432 | Orc:2    | Noticed Nessos
 26705 | Orc:1    | Identified the +0 morningstar "Ynivytopi" {venom, Dex+3}
 26912 | Orc:2    | Killed Nessos
 27045 | Orc:2    | Found Jujir Axzu's Armour Emporium.
 27359 | Orc:2    | Received a gift from Sif Muna
 27363 | Orc:2    | Got Sif Muna's Lectures on Fog {god gift}
 27647 | Orc:2    | Found Cymeff's Antique Armour Shop.
 27655 | Orc:2    | Found Jyvetoh's Jewellery Shop.
 27657 | Orc:2    | Found Xahej's Distillery.
 27663 | Orc:2    | Bought a ring of fire for 350 gold pieces
 27667 | Orc:2    | Bought a potion of heal wounds for 75 gold pieces
 27840 | Orc:1    | Killed PigKeeper's ghost
 28723 | D:14     | Noticed an azure jelly
 28725 | D:14     | Killed an azure jelly
 28726 | D:14     | Reached XP level 16. HP: 84/88 MP: 32/33
 28901 | D:14     | Found a gate to the Vaults.
 29222 | D:15     | Entered Level 15 of the Dungeon
 29747 | D:15     | Found a staircase to the Depths.
 30970 | Elf:1    | Entered Level 1 of the Elven Halls
 30982 | Elf:1    | Reached skill level 1 in Shields
 30985 | Elf:1    | Paralysed by an orc sorcerer for 4 turns
 32319 | Elf:1    | Found an ancient bone altar of Kikubaaqudgha.
 32863 | Elf:2    | Reached skill level 10 in Conjurations
 32866 | Elf:2    | Received a gift from Sif Muna
 32869 | Elf:2    | Noticed Jorgrun
 32939 | Elf:2    | Reached XP level 17. HP: 60/98 MP: 35/35
 32960 | Elf:2    | Constricted to death by Jorgrun

Illustrated notes

Levels and vault maps discovered:
D:1:      lightli_arrival_statue_moat, layout_loops_cross, serial_shops,
          nicolae_shop_statue_plus, minmay_misc_feat_tower
D:2:      layout_basic, hellmonk_ecumenical_altar_zigzags,
          nicolae_figureground_sparkle
D:3:      layout_basic, chequers_big_river, eino_tiny_chamber,
          chequers_serial_rivers_micro_b, uniq_jessica, uniq_terence
D:4:      layout_basic, nicolae_overflow_crystal_walls
D:5:      layout_basic
D:6:      layout_gridville, makhleb_blood_cavern_becter,
          lexackson_kobold_supper, uniq_blork_the_orc
D:7:      layout_cave_pods, minmay_temple_entry_tees
D:8:      layout_cave_pools, tso_metal_star, minmay_lair_entry_grove
D:9:      gammafunk_wand_slinger, layout_basic, gammafunk_temple_overflow_claw,
          uniq_pikel
D:10:     layout_gridville, erik_orc_4, patterned_corridor, uniq_lodul,
          uniq_psyche
D:11:     minmay_tri_box, layout_basic, hangedman_abyss_or_decor_clamps,
          kennysheep_generic_room_9
D:12:     layout_basic, serial_shops, nicolae_diamond_shop,
          nicolae_take_the_stairs, shop, shop, nicolae_lakefront_shop
D:13:     layout_stronghold
D:14:     cheibrodos_tormentor_scu, layout_basic, david_vaults_1,
          portal_ice_cave_entry_frozen_things, bh_walls_and_bars
D:15:     hangedman_depths_entry_try_elsewhere_first, layout_irregular_city,
          serial_bayou_pond_c, fungi_pond_lemuel, water_boxes_lemuel
Temple:   compressed_dpeg_triangle_lava_temple
Lair:1:   layout_hall_layers
Lair:2:   layout_roguey, swamp_mist, gauntlet_entry_generic,
          chequers_serial_rivers_small_3, infiniplex_staircase_pool_2
Lair:3:   layout_regular_city, spider_nest_entry_a, lemuel_fruit_tree,
          serial_bayou_shore_b
Lair:4:   layout_cave_shapes, slime_entry_2, gammafunk_ghost_necromancy,
          serial_bayou_shore_b
Lair:5:   evilmike_catoblepas_cave, layout_regular_city, gammafunk_ghost_grave,
          serial_bayou_shore_a
Orc:1:    layout_caves, basic_altar, ebering_ghost_reflecting_pool, special_room
          [special_room_bee], minmay_shop_mayhem
Orc:2:    st_orc_elflike, layout_caves, lemuel_statue_altar, uniq_nessos
Elf:1:    layout_loops_cross, basic_altar, hangedman_corner_corridor
Elf:2:    nicolae_elf_blades_splatter_lattice [grunt_blade_entry_basic],
          layout_loops_cross, serial_shops, nicolae_shop_statue_plus,
          minivault_5, nicolae_shop_sticking_my_neck_out, uniq_jorgrun

Skill      XL: |  1  2  3  4  5  6  7  8  9 10 11 12 13 14 15 16 17 |
---------------+----------------------------------------------------+-----
Stealth        | 3 4 5 6 7 8 |  8.6
Short Blades   | 1 2 |  2.9
Spellcasting   | 3 4 5 6 7 8 9 10 11 12 13 14 | 14.9
Conjurations   | 2 4 5 7 8 9 10 | 10.5
Fire Magic     | 4 5 6 8 9 11 12 13 14 | 14.7
Fighting       | 1 2 3 |  3.1
Dodging        | 3 4 |  4.8
Air Magic      | 2 3 4 |  4.6
Poison Magic   | 3 4 5 |  5.6
Hexes          | 1 3 4 |  4.9
Invocations    | 2 4 6 8 9 10 11 12 | 12.1
Summonings     | 2 4 |  4.4
Ice Magic      | 2 3 4 |  4.6
Translocations | 4 5 6 |  6.9
Evocations     | 1 |  1.0
Earth Magic    | 3 4 |  4.8
Shields        | 1 |  1.0

Action                   |  1- 3 |  4- 6 |  7- 9 | 10-12 | 13-15 | 16-18 || total
-------------------------+-------+-------+-------+-------+-------+-------++-------
Melee: Short sword       |    37 |     9 |       |       |       |       ||    46
       Tentacles         |    11 |     8 |     4 |    13 |    17 |     7 ||    60
       Constrict         |    10 |    10 |     2 |     4 |     6 |     5 ||    37
       Dagger            |       |    15 |    45 |    50 |     5 |       ||   115
       Spear             |       |     7 |       |       |       |       ||     7
       Punch             |       |       |     2 |       |     3 |     1 ||     6
       Staff             |       |       |       |       |    38 |       ||    38
       Mace              |       |       |       |       |     3 |    17 ||    20
 Cast: Foxfire           |    42 |    79 |    66 |   297 |   374 |    72 ||   930
       Scorch            |       |     8 |    20 |    90 |   210 |    45 ||   373
       Inner Flame       |       |       |     2 |    44 |    74 |    20 ||   140
       Conjure Flame     |       |       |     1 |    15 |    14 |     1 ||    31
       Mephitic Cloud    |       |       |     2 |    12 |    60 |    24 ||    98
       Summon Ice Beast  |       |       |       |     5 |    16 |     6 ||    27
       Ozocubu's Armour  |       |       |       |     4 |     6 |     2 ||    12
       Call Imp          |       |       |       |     2 |       |       ||     2
       Flame Wave        |       |       |       |    12 |    60 |    13 ||    85
       Fireball          |       |       |       |       |    84 |    46 ||   130
       Blink             |       |       |       |       |    21 |     2 ||    23
       Iskenderun's Myst |       |       |       |       |     2 |    36 ||    38
       Iron Shot         |       |       |       |       |       |    16 ||    16
Invok: Channel Magic     |       |       |       |     1 |     1 |     2 ||     4
       Forget Spell      |       |       |       |     1 |       |       ||     1
Evoke: Condenser vane    |       |       |       |     1 |     1 |       ||     2
       Wand              |       |       |       |       |     2 |       ||     2
  Use: Scroll            |       |     8 |       |    16 |     7 |     7 ||    38
       Potion            |       |       |     4 |     2 |     5 |     7 ||    18
 Stab: Sleeping          |     8 |     4 |     3 |     3 |       |       ||    18
       Confused          |       |       |     2 |       |     2 |       ||     4
Armor: Skin              |     3 |    13 |   104 |     4 |    19 |    14 ||   157
Dodge: Dodged            |    15 |    38 |    22 |   103 |   222 |    69 ||   469
Block: Buckler           |       |       |       |       |    36 |    13 ||    49

Table legend: (Time is in decaauts)
 A = Elapsed time spent in this place.
 B = Non-inter-level travel time spent in this place.
 C = Inter-level travel time spent in this place.
 D = Time resting spent in this place.
 E = Time spent auto-exploring this place.
 F = Levels seen in this place.
 G = Mean time per level.
                   A        B        C        D        E       F      G
               +--------+--------+--------+--------+--------+-----+--------+
         Total |  32981 |  31418 |   1563 |   3679 |  18192 |  26 | 1268.5 |
       Dungeon |  19490 |  18197 |   1293 |   1952 |  11130 |  15 | 1299.3 |
        Temple |     54 |     44 |     10 |      0 |      0 |   1 |   54.0 |
          Lair |   7375 |   7240 |    135 |    427 |   4715 |   5 | 1475.0 |
  Orcish Mines |   3618 |   3529 |     89 |   1060 |   1085 |   2 | 1809.0 |
   Elven Halls |   1348 |   1314 |     34 |     24 |    776 |   2 |  674.0 |
      Gauntlet |   1093 |   1093 |      0 |    216 |    486 |   1 | 1093.0 |
               +--------+--------+--------+--------+--------+-----+--------+

Top non-repeatable levels by time:
  Lair:5: 2353 daAuts
    D:13: 2019 daAuts
   Orc:2: 1981 daAuts
  Lair:4: 1977 daAuts
    D:14: 1905 daAuts
     D:9: 1780 daAuts
    D:10: 1746 daAuts
   Orc:1: 1637 daAuts
    D:12: 1467 daAuts
    D:11: 1433 daAuts
    D:15: 1388 daAuts
   Elf:1: 1224 daAuts
  Lair:3: 1199 daAuts
     D:3: 1197 daAuts
     D:1: 1114 daAuts
